 Dungeon Crawl Stone Soup version 0.29-a0-414-g5075937ec3 (webtiles) character file.

Game seed: 10712335169953321588

1439 xian the Protected (level 8, -5/64 HPs)
             Began as a Barachi Fighter on May 15, 2022.
             Was an Initiate of Ru.
             Slain by an orc warrior
             ... wielding a +0 trident
              (16 damage)
             ... on level 7 of the Dungeon.
             The game lasted 00:26:47 (4033 turns).

xian the Protected (Barachi Fighter)                Turns: 4033, Time: 00:26:48

Health: -5/64      AC: 13    Str: 29    XL:     8   Next: 74%
Magic:  17/17      EV:  9    Int: 10    God:    Ru [......]
Gold:   266        SH:  5    Dex: 12    Spells: 7/7 levels left

rFire   . . .      SeeInvis .   e - +2 dagger (venom)
rCold   + . .      Faith    +   o - +0 buckler of Eheefimo {Regen+ MP+9 Str+3}
rNeg    . . .      Spirit   .   s - +2 storm dragon scales
rPois   .          Reflect  .   q - +0 helmet
rElec   +          Harm     .   (no cloak)
rCorr   .          Rampage  .   (no gloves)
Will    .....                   (no boots)
Stlth   ..........              c - amulet of faith
HPRegen 1.00/turn               k - ring of protection from cold
MPRegen 0.15/turn               r - +6 ring of strength

@: corroded, hasted, unable to read, quick
A: amphibious, slowness 1, strong legs 1, +LOS, clever 1, inability to read
while threatened
a: Hop, Renounce Religion


You were on level 7 of the Dungeon.
You worshipped Ru.
Ru was noncommittal.
You visited 1 branch of the dungeon, and saw 6 of its levels.

You collected 348 gold pieces.
You spent 82 gold pieces at shops.

Inventory:

Hand Weapons
 e - a +2 dagger of venom (weapon)
Armour
 o - the +0 buckler of Eheefimo (worn) {Regen+ MP+9 Str+3}
   (You found it on level 2 of the Dungeon)

   Str:       It affects your strength (+3).
   MP:        It affects your magic capacity (+9).
   Regen:     It increases your rate of health regeneration.
 q - a +0 helmet (worn)
 s - +2 storm dragon scales (worn)
Jewellery
 c - an amulet of faith (around neck)
 k - a ring of protection from cold (left hand)
 r - a +6 ring of strength (right hand)
Wands
 u - a wand of polymorph (12)
Scrolls
 f - a scroll of blinking {unknown}
 g - 3 scrolls of vulnerability {unknown}
 h - 4 scrolls of identify
 i - a scroll of fear {unknown}
 l - a scroll of summoning {unknown}
 p - 2 scrolls of teleportation {unknown}
 t - a scroll of noise {unknown}
Potions
 a - 2 potions of berserk rage {unknown}
 b - a potion of curing
 d - 2 potions of might
 j - a potion of lignification {unknown}
 m - a potion of haste
 n - 3 potions of degeneration


   Skills:
 + Level 5.9 Fighting
 + Level 5.1(5.5) Short Blades
 + Level 3.3(4.9) Long Blades
 + Level 8.1 Armour
 + Level 2.6 Dodging
 + Level 1.3 Stealth
 + Level 5.9 Shields


You had 7 spell levels left.
You didn't know any spells.
Your spell library contained the following spells:

 Spells                   Type           Power      Damage    Failure   Level
 Animate Skeleton         Necr           0%         N/A       91%         1
 Apportation              Tloc           0%         N/A       91%         1
 Magic Dart               Conj           0%         1d3       91%         1
 Sting                    Tmut/Pois      0%         1d3       91%         1
 Summon Small Mammal      Summ           0%         N/A       91%         1
 Call Imp                 Summ           0%         N/A       97%         2
 Poisonous Vapours        Pois/Air       0%         N/A       97%         2
 Call Canine Familiar     Summ           0%         N/A       100%        3
 Gell's Gravitas          Tloc           0%         N/A       100%        3
 Lesser Beckoning         Tloc           0%         N/A       100%        3
 Mephitic Cloud           Conj/Pois/Air  0%         N/A       100%        3
 Ozocubu's Armour         Ice            0%         N/A       100%        3
 Portal Projectile        Hex/Tloc       0%         N/A       100%        3
 Teleport Other           Tloc           0%         N/A       100%        3
 Leda's Liquefaction      Hex/Erth       0%         N/A       100%        4
 Olgreb's Toxic Radiance  Pois           0%         N/A       100%        4
 Summon Lightning Spire   Summ/Air       0%         N/A       100%        4
 Ozocubu's Refrigeration  Ice            0%         4d5       100%        7
 Storm Form               Tmut/Air       0%         N/A       100%        7
 Ignition                 Fire           0%         3d3       100%        8


Dungeon Overview and Level Annotations

Branches:
Dungeon (5/15)
 Temple: D:4-7

Altars:
Fedhas
Gozag
Nemelex Xobeh
Ru
Uskayaw

Shops:
D:3 :   D:7 ?


Innate Abilities, Weirdness & Mutations

You are amphibious.
You cover ground slowly.
You can hop short distances.
You have an extended range of vision and can be seen from far away.
Your mind is acute. (Int +2)
You sometimes lose the ability to read scrolls when taking damage.


Message History

The orc warrior barely misses you.
You feel better. The hound bites you but does no damage.
The jelly hits you but does no damage. You block the orc warrior's attack.
The hound bites you.
You feel yourself speed up. The hound bites you.
The jelly hits you but does no damage.
The orc warrior hits you from afar with a +0 trident.
You hit the jelly.
You kill the jelly!
The hound bites you but does no damage.
You hit the hound.
The hound is poisoned.
The hound is lightly wounded.
You block the orc warrior's attack. The hound bites you but does no damage.
You hit the hound but do no damage.
The hound looks as sick as possible!
The hound is moderately wounded.
You closely miss the hound.
The hound is moderately wounded.
You block the hound's attack.
The orc warrior hits you from afar with a +0 trident.
You hit the hound but do no damage.
The hound looks as sick as possible!
The hound is heavily wounded.
The hound barely misses you.
You barely miss the iguana. The iguana barely misses you.
The orc warrior closely misses you.
You hit the hound but do no damage.
The hound looks as sick as possible!
The hound is heavily wounded.
The hound bites you but does no damage.
You hit the hound.
The hound looks as sick as possible!
The hound is severely wounded.
The hound bites you.
The orc warrior hits you from afar with a +0 trident!
* * * LOW HITPOINT WARNING * * *
The iguana bites you.
* * * LOW HITPOINT WARNING * * *
You hit the hound.
You kill the hound!
You hit the iguana but do no damage.
The iguana is poisoned.
The iguana bites you but does no damage.
The orc warrior hits you from afar with a +0 trident!
You die...

####
##################
.................#
.................#
.................#
.................###
...................#
.................#..
...........#....@#
.......##..#._..l# .#
.......##..#....o##.#
.......##..####..#..
.......##........).#
....... #........#.!.#
.......#######...#####
.......#######...#
.................#.#.


You could see an orc warrior and an iguana (very poisoned).

Vanquished Creatures
  Sigmund (D:2)
  2 sky beasts (D:7)
  An ice beast (D:7)
  An ogre (D:7)
  A centaur (D:7)
  A phantom (D:4)
  2 bullfrogs (D:7)
  A scorpion (D:4)
  2 orc priests
  2 hounds
  2 jellies
  Natasha (twice) (D:4)
  Terence (D:3)
  3 iguanas
  2 orc wizards
  Robin (D:2)
  2 adders
  A shadow imp (D:5)
  A white imp (D:7)
  A worm (D:2)
  4 dart slugs
  17 orcs
  8 ball pythons
  7 bats
  11 endoplasms
  7 giant cockroaches
  18 goblins
  9 hobgoblins
  6 jackals
  8 kobolds
  3 quokkas
  3 frilled lizards
  4 rats
135 creatures vanquished.

Vanquished Creatures (others)
  5 plants (D:7)
5 creatures vanquished.

Grand Total: 140 creatures vanquished

Notes
Turn   | Place    | Note
-------+----------+-------------------------------------------
     0 | D:1      | xian the Barachi Fighter began the quest for the Orb.
     0 | D:1      | Reached XP level 1. HP: 18/18 MP: 1/1
    38 | D:1      | Reached XP level 2. HP: 14/25 MP: 2/2
   430 | D:1      | Found a faded altar of an unknown god.
   458 | D:1      | Reached XP level 3. HP: 26/30 MP: 3/3
   851 | D:2      | Reached skill level 4 in Armour
   959 | D:2      | Identified the +0 buckler of Eheefimo {Regen+ MP+9 Str+3}
  1098 | D:2      | Noticed Robin
  1107 | D:2      | Reached XP level 4. HP: 37/37 MP: 4/4
  1121 | D:2      | Killed Robin
  1259 | D:2      | Got the Catalogue of Feathery Ignition
  1338 | D:2      | Noticed Sigmund
  1358 | D:2      | Killed Sigmund
  1359 | D:2      | Reached skill level 5 in Armour
  1359 | D:2      | Reached skill level 1 in Dodging
  1359 | D:2      | Reached XP level 5. HP: 29/43 MP: 5/5
  1359 | D:2      | Reached XP level 6. HP: 33/49 MP: 6/6
  2014 | D:3      | Found Lijihat's Book Shoppe.
  2041 | D:3      | Gained mutation: Your mind is acute. (Int +2) [potion of
                  | mutation]
  2041 | D:3      | Gained mutation: You sometimes lose the ability to read
                  | scrolls when taking damage. [potion of mutation]
  2052 | D:3      | Found a sacrificial altar of Ru.
  2072 | D:3      | Became a worshipper of Ru the Awakened
  2118 | D:3      | Noticed Terence
  2128 | D:3      | Killed Terence
  2485 | D:4      | Reached skill level 1 in Stealth
  2540 | D:4      | Reached XP level 7. HP: 41/55 MP: 7/7
  2623 | D:4      | Found an opulent altar of Gozag.
  2662 | D:4      | Noticed Natasha
  2675 | D:4      | Killed Natasha
  2676 | D:4      | Reached skill level 5 in Fighting
  2676 | D:4      | Reached skill level 6 in Armour
  2860 | D:4      | Noticed Natasha
  2870 | D:4      | Killed Natasha
  3061 | D:5      | Entered Level 5 of the Dungeon
  3152 | D:5      | Found a hide-covered altar of Uskayaw.
  3229 | D:5      | Reached skill level 5 in Shields
  3313 | D:5      | You fall into a shaft and drop 2 floors!
  3359 | D:7      | Found Tuagoq's Magic Scroll Shop.
  3383 | D:7      | Bought a scroll of enchant armour for 82 gold pieces
  3404 | D:7      | Reached skill level 7 in Armour
  3404 | D:7      | Reached XP level 8. HP: 62/62 MP: 8/8
  3501 | D:7      | Found a blossoming altar of Fedhas.
  3822 | D:7      | Identified the +1 ring mail "Weyhup" {rF+ rC+ Str+5}
  3978 | D:7      | Found a sparkling altar of Nemelex Xobeh.
  4005 | D:7      | Reached skill level 5 in Short Blades
  4014 | D:7      | Reached skill level 8 in Armour
  4033 | D:7      | Slain by an orc warrior

Illustrated notes

Levels and vault maps discovered:
D:1:      dpeg_arrival_tiny_e, layout_basic,
          shapermc_ecumenical_altar_notcrosses
D:2:      layout_loops_cross, uniq_robin, uniq_sigmund
D:3:      layout_basic, nicolae_ru_great_annihilating_truth, serial_shops,
          nicolae_square_shop, uniq_terence
D:4:      layout_loops_ring, nicolae_gozag_cash_rules_everything_around_me,
          serial_glass, glass_columns_a, glass_columns_a, glass_columns_b,
          glass_columns_a, glass_columns_b, glass_columns_a, uniq_natasha
D:5:      layout_gridville, nicolae_uskayaw_dance_hall,
          mainiacjoe_overflow_boulevard, temple_hall, enter_ossuary_3
D:7:      layout_basic, mainiacjoe_overflow_concentric_impassable,
          mainiacjoe_overflow_chevrons, serial_shops, nicolae_square_shop,
          hex_intersection, st_stairs_6, serial_bayou_pond_c,
          minmay_fractal_squares_diagonal_5

Skill      XL: |  1  2  3  4  5  6  7  8 |
---------------+-------------------------+-----
Fighting       | 4 5 |  5.9
Shields        | 4 5 |  5.9
Armour         | 4 5 7 8 |  8.1
Long Blades    | 3 |  3.3
Short Blades   | 2 3 4 5 |  5.1
Dodging        | 1 2 |  2.6
Stealth        | 1 |  1.3

Action                   |  1- 3 |  4- 6 |  7- 9 || total
-------------------------+-------+-------+-------++-------
Melee: Long sword        |    18 |       |       ||    18
       Dagger            |    70 |   205 |   224 ||   499
 Abil: Hop               |       |     1 |       ||     1
  Use: Scroll            |       |     3 |     2 ||     5
       Potion            |       |     4 |     3 ||     7
 Stab: Paralysed         |       |     1 |       ||     1
Armor: Scale mail        |    37 |    48 |       ||    85
       Storm dragon scal |       |    39 |    82 ||   121
Dodge: Dodged            |    36 |    72 |    67 ||   175
Block: Buckler           |    21 |    34 |    39 ||    94

Table legend: (Time is in decaauts)
 A = Elapsed time spent in this place.
 B = Non-inter-level travel time spent in this place.
 C = Inter-level travel time spent in this place.
 D = Time resting spent in this place.
 E = Time spent auto-exploring this place.
 F = Levels seen in this place.
 G = Mean time per level.
                   A        B        C        D        E       F      G
               +--------+--------+--------+--------+--------+-----+--------+
         Total |   4558 |   4459 |     99 |     17 |   2395 |   6 |  759.7 |
       Dungeon |   4558 |   4459 |     99 |     17 |   2395 |   6 |  759.7 |
               +--------+--------+--------+--------+--------+-----+--------+

Top non-repeatable levels by time:
     D:2: 994 daAuts
     D:1: 937 daAuts
     D:4: 933 daAuts
     D:7: 814 daAuts
     D:3: 595 daAuts
     D:5: 283 daAuts
